 Dungeon Crawl Stone Soup version 0.29-a0-598-gd8304a5bf4 (webtiles) character file.

Game seed: 14457289854306504521

6 ytrimaz the Grave Robber (level 1, -1/13 HPs)
             Began as a Mummy Necromancer on June 16, 2022.
             Slain by a goblin
             ... wielding a +0 club
              (3 damage)
             ... on level 1 of the Dungeon.
             The game lasted 00:01:04 (221 turns).

ytrimaz the Grave Robber (Mummy Necromancer)         Turns: 221, Time: 00:01:04

Health: -1/13      AC:  2    Str: 11    XL:     1   Next: 75%
Magic:  1/4        EV: 12    Int: 14    God:
Gold:   44         SH:  0    Dex: 12    Spells: 4/5 levels left

rFire   x . .      SeeInvis .   (no weapon)
rCold   + . .      Faith    .   (no shield)
rNeg    + + +      Spirit   .   a - +0 robe
rPois   ∞          Reflect  .   (no helmet)
rElec   .          Harm     .   (no cloak)
rCorr   .          Rampage  .   (no gloves)
Will    .....                   (no boots)
Stlth   ++........              (no amulet)
HPRegen 0.04/turn               (no ring)
MPRegen 0.09/turn               (no ring)

@: no status effects
A: cold resistance 1, negative energy resistance 3, torment resistance 2, heat
vulnerability 1, no potions
a: no special abilities


You were on level 1 of the Dungeon.
You visited 1 branch of the dungeon, and saw 1 of its levels.

You collected 44 gold pieces.

Inventory:

Armour
 a - a +0 robe (worn)
Scrolls
 b - a scroll of identify {unknown}


   Skills:
 - Level 1.6 Dodging
 - Level 1.6 Stealth
 + Level 2.7 Spellcasting
 + Level 4.2 Necromancy


You had 4 spell levels left.
You knew the following spells:

 Your Spells              Type           Power      Damage    Failure   Level
a - Necrotize             Necr           52%        1d6       3%          1

Your spell library contained the following spells:

 Spells                   Type           Power      Damage    Failure   Level
 Vampiric Draining        Necr           13%        2d6       12%         3
 Summon Small Mammal      Summ           4%         N/A       22%         1
 Animate Dead             Necr           13%        N/A       36%         4
 Call Canine Familiar     Summ           1%         N/A       54%         3
 Summon Guardian Golem    Hex/Summ       1%         N/A       54%         3
 Agony                    Necr           13%        N/A       71%         5


Dungeon Overview and Level Annotations

Branches:
Dungeon (1/15)

Altars:


Innate Abilities, Weirdness & Mutations

You are immune to poison.
Your flesh is cold resistant. (rC+)
You are immune to negative energy. (rN+++)
You are immune to unholy pain and torment.
You are vulnerable to heat. (rF-)
You do not drink.


Message History

A goblin comes into view. It is wielding a +0 club.
The goblin shouts!
You hear a bark!
A goblin is nearby!
A kobold, a hobgoblin and a bat come into view.
Found a silvery potion. 2 jackals come into view.
The hobgoblin shouts!
The jackal barks!
The jackal enters a dispersal trap!
The jackal blinks!
The hobgoblin blinks!
The goblin blinks!
The kobold blinks! x2; The hobgoblin blinks!
The jackal blinks!
The bat blinks!
The kobold blinks!
You blink.
Found a club and a scroll labelled NATANN KOUT.
The jackal blinks!
The jackal moves out of view.
The bat hits you. The bat attacks as you move away!
The bat barely misses you. x2
The goblin hits you with a +0 club.
A goblin comes into view. It is wielding a +0 club.
The bat barely misses you. The goblin attacks as you move away!
The goblin misses you. The bat hits you but does no damage.
The jackal attacks as you move away!
The jackal bites you but does no damage.
A quokka comes into view.
The jackal misses you.
The jackal writhes in agony.
The jackal bites you but does no damage.
The jackal writhes in agony.
The jackal barely misses you. The goblin hits you with a +0 club.
The jackal barely resists.
The jackal closely misses you. The jackal barely misses you.
The goblin hits you with a +0 club.
You are too injured to fight recklessly!
You are too injured to fight recklessly!
Unknown command.
There are monsters nearby!
The jackal barely misses you. The goblin hits you with a +0 club.
* * * LOW HITPOINT WARNING * * *
The jackal bites you.
* * * LOW HITPOINT WARNING * * *
The jackal misses you. The goblin completely misses you.
The jackal closely misses you. The goblin hits you with a +0 club.
You die...

.......#
......#
.....# ....#
...# .r# #g#
#@#
.#######h#
.......hg###
..?.....gb.##
.#
.).......K..#
#.# ##
...........K#
#.#..
.....^......#
#.#.
............#
#..
.......!....#


You could see a quokka, 2 jackals, a hobgoblin, 2 goblins, a bat and a kobold.

Vanquished Creatures
  A dart slug (D:1)
  2 jackals (D:1)
  A rat (D:1)
4 creatures vanquished.

Notes
Turn   | Place    | Note
-------+----------+-------------------------------------------
     0 | D:1      | ytrimaz the Mummy Necromancer began the quest for the Orb.
     0 | D:1      | Reached XP level 1. HP: 13/13 MP: 4/4
   221 | D:1      | Slain by a goblin

Illustrated notes

Levels and vault maps discovered:
D:1:      dpeg_arrival_renting, layout_basic

Action                   || total
-------------------------++-------
Melee: Unarmed           ||     8
 Cast: Necrotize         ||    11
Armor: Robe              ||     4
Dodge: Dodged            ||    26

Table legend: (Time is in decaauts)
 A = Elapsed time spent in this place.
 B = Non-inter-level travel time spent in this place.
 C = Inter-level travel time spent in this place.
 D = Time resting spent in this place.
 E = Time spent auto-exploring this place.
 F = Levels seen in this place.
 G = Mean time per level.
                   A        B        C        D        E       F      G
               +--------+--------+--------+--------+--------+-----+--------+
         Total |    221 |    221 |      0 |      0 |    178 |   1 |  221.0 |
       Dungeon |    221 |    221 |      0 |      0 |    178 |   1 |  221.0 |
               +--------+--------+--------+--------+--------+-----+--------+

Top non-repeatable levels by time:
     D:1: 221 daAuts
